 Dungeon Crawl Stone Soup version 0.21.1-1-g345015fe64 (webtiles) character file.

187 Ivernyr the Vexing (level 5, -4/41 HPs)
             Began as a Gnoll Arcane Marksman on Mar 22, 2018.
             Was an Initiate of Dithmenos.
             Killed by divine providence
             ... invoked by an orc priest
              (8 damage)
             ... on level 3 of the Dungeon.
             The game lasted 00:33:34 (4799 turns).

Ivernyr the Vexing (Gnoll Arcane Marksman)          Turns: 4799, Time: 00:33:34

Health: -4/41      AC:  5    Str: 12    XL:     5   Next: 66%
Magic:  9/9        EV: 15    Int: 15    God:    Dithmenos [......]
Gold:   151        SH:  0    Dex: 17    Spells: 9/10 levels left

rFire    . . .     SeeInvis .   i - +0 dagger
rCold    . . .     Gourm    .   (no shield)
rNeg     . . .     Faith    .   a - +0 robe
rPois    .         Spirit   .   n - +1 helmet
rElec    .         Reflect  .   (no cloak)
rCorr    .         Harm     .   p - +0 pair of gloves
MR       .....                  (no boots)
Stlth    ++........             (no amulet)
HPRegen  0.13/turn              (no ring)
MPRegen  0.11/turn              (no ring)

@: no status effects
A: distributed training, fangs 1, strong nose
a: Renounce Religion


You were on level 3 of the Dungeon.
You worshipped Dithmenos.
Dithmenos was noncommittal.
You were very hungry.

You visited 1 branch of the dungeon, and saw 3 of its levels.

You collected 151 gold pieces.

Inventory:

Hand Weapons
 i - a +0 dagger (weapon)
Missiles
 c - 4 javelins (quivered)
 d - 2 throwing nets
 e - 26 poisoned needles
Armour
 a - a +0 robe (worn)
 n - a +1 helmet (worn)
 p - a +0 pair of gloves (worn)
Scrolls
 g - 3 scrolls of remove curse {unknown}
 h - 4 scrolls of identify {unknown}
 q - a scroll of teleportation {unknown}
Potions
 j - a potion of mutation {unknown}
 k - a potion of invisibility {unknown}
 l - a potion of might {unknown}
 m - a potion of curing {unknown}
 o - a potion of cancellation {unknown}
Books
 b - a book of Debilitation

   Spells                             Type                      Level
   a - Corona                         Hexes                        1
   b - Slow                           Hexes                        2
   c - Inner Flame                    Hexes/Fire                   3
   d - Portal Projectile              Hexes/Translocation          3
   e - Cause Fear                     Hexes                        4
   f - Leda's Liquefaction            Hexes/Earth                  4
Comestibles
 f - 6 rations


   Skills:
 + Level 3.0 Fighting
 + Level 1.5 Short Blades
 + Level 1.5 Long Blades
 + Level 1.5 Axes
 + Level 1.5 Maces & Flails
 + Level 1.5 Polearms
 + Level 1.5 Staves
 + Level 1.5 Slings
 + Level 1.5 Bows
 + Level 1.5 Crossbows
 + Level 4.8 Throwing
 + Level 1.5 Armour
 + Level 4.8 Dodging
 + Level 1.5 Stealth
 + Level 1.5 Shields
 + Level 1.5 Unarmed Combat
 + Level 3.2 Spellcasting
 + Level 1.2 Conjurations
 + Level 5.5 Hexes
 + Level 1.2 Charms
 + Level 1.2 Summonings
 + Level 1.2 Necromancy
 + Level 1.2 Translocations
 + Level 1.2 Transmutations
 + Level 1.2 Fire Magic
 + Level 1.2 Ice Magic
 + Level 1.2 Air Magic
 + Level 1.2 Earth Magic
 + Level 1.2 Poison Magic
 + Level 1.7 Invocations
 + Level 1.5 Evocations


You had 9 spell levels left.
You knew the following spells:

 Your Spells              Type           Power        Failure   Level  Hunger
a - Corona                Hex            ###....      1%          1    #......


Dungeon Overview and Level Annotations

Branches:
Dungeon (3/15)

Altars:
Cheibriados
Dithmenos
Elyvilon
Fedhas
Hepliaklqana
Okawaru
Ru
Uskayaw
Yredelemnul

Annotations:
D:3 1 exclusion


Innate Abilities, Weirdness & Mutations

Your experience applies equally to all skills.
You have very sharp teeth.
Your uncanny sense of smell can sniff out nearby items.


Message History

The adder hisses angrily.
The orc priest looks braver for a moment.
Found 6 tomahawks.
The orc priest stops glowing.
Found 15 arrows.
The orc priest mumbles some strange prayers to Beogh against you.
Beogh smites you!
An ooze comes into view.
The orc priest mumbles some strange prayers to Beogh against you.
Beogh smites you!
* * * LOW HITPOINT WARNING * * *
The ooze quivers.
Your magical contamination has completely faded away.
The orc priest looks encouraged for a moment.
The ooze completely misses you. The ooze hits you but does no damage.
The ooze completely misses you.
The orc priest invokes the aid of Beogh against you.
Beogh smites you!
You die...

.........o.oo....................
#####..#####.##.##.#...##.##.....
...##..........o.......##.##.....
...'....####.##.##.#...##.##.....
)..##...# #.##..................
#####...# #.##o##.....#####.....
....####..#J##..#..#####.#### .
..........#.##............... .#
#...........@................ #
#...####..#.##.##..#..#...###
.........#.##.##.....+...# .....
#.##.##..#..#...# .....
#.##.##..#..#...### ....
#.##.##............ ....
...................
.....<#..#..####### ## ..
.....#..######.


You could see an orc priest, an ooze and an orc.

Vanquished Creatures
  Natasha (thrice) (D:3)
  Robin (D:2)
  A gnoll (D:1)
  2 adders (D:3)
  2 worms
  3 dart slugs (D:1)
  3 leopard geckos
  A giant cockroach (D:3)
  11 goblins
  11 hobgoblins
  2 jackals (D:1)
  6 kobolds
  A ball python (D:3)
  5 bats
  3 frilled lizards
  10 rats
65 creatures vanquished.

Notes
Turn   | Place    | Note
-------+----------+-------------------------------------------
     0 | D:1      | Ivernyr the Gnoll Arcane Marksman began the quest for the Orb.
     0 | D:1      | Reached XP level 1. HP: 17/17 MP: 4/4
   332 | D:1      | Reached XP level 2. HP: 11/23 MP: 2/5
   867 | D:1      | Reached XP level 3. HP: 6/28 MP: 5/7
  1428 | D:1      | Reached skill level 1 in Invocations
  2302 | D:2      | Reached skill level 1 in Short Blades
  2302 | D:2      | Reached skill level 1 in Long Blades
  2302 | D:2      | Reached skill level 1 in Axes
  2302 | D:2      | Reached skill level 1 in Maces & Flails
  2302 | D:2      | Reached skill level 1 in Polearms
  2302 | D:2      | Reached skill level 1 in Staves
  2302 | D:2      | Reached skill level 1 in Slings
  2302 | D:2      | Reached skill level 1 in Bows
  2302 | D:2      | Reached skill level 1 in Crossbows
  2302 | D:2      | Reached skill level 1 in Armour
  2302 | D:2      | Reached skill level 1 in Stealth
  2302 | D:2      | Reached skill level 1 in Shields
  2302 | D:2      | Reached skill level 1 in Unarmed Combat
  2302 | D:2      | Reached skill level 1 in Evocations
  2441 | D:2      | Reached XP level 4. HP: 27/34 MP: 6/8
  2612 | D:2      | Noticed Robin
  2744 | D:2      | Killed Robin
  3280 | D:2      | Found an iron altar of Okawaru.
  3281 | D:2      | Found a shadowy altar of Dithmenos.
  3281 | D:2      | Found a hide-covered altar of Uskayaw.
  3282 | D:2      | Found a blossoming altar of Fedhas.
  3292 | D:2      | Became a worshipper of Dithmenos the Shadowed
  3316 | D:2      | Found a basalt altar of Yredelemnul.
  3379 | D:2      | Found a white marble altar of Elyvilon.
  3555 | D:3      | Found a hazy altar of Hepliaklqana.
  3555 | D:3      | Found a sacrificial altar of Ru.
  3723 | D:3      | Reached skill level 1 in Conjurations
  3723 | D:3      | Reached skill level 1 in Charms
  3723 | D:3      | Reached skill level 1 in Summonings
  3723 | D:3      | Reached skill level 1 in Necromancy
  3723 | D:3      | Reached skill level 1 in Translocations
  3723 | D:3      | Reached skill level 1 in Transmutations
  3723 | D:3      | Reached skill level 1 in Fire Magic
  3723 | D:3      | Reached skill level 1 in Ice Magic
  3723 | D:3      | Reached skill level 1 in Air Magic
  3723 | D:3      | Reached skill level 1 in Earth Magic
  3723 | D:3      | Reached skill level 1 in Poison Magic
  3997 | D:3      | Noticed Natasha
  4022 | D:3      | Killed Natasha
  4022 | D:3      | Reached XP level 5. HP: 24/40 MP: 7/9
  4241 | D:3      | Noticed Natasha
  4271 | D:3      | Killed Natasha
  4607 | D:3      | Noticed Natasha
  4622 | D:3      | Killed Natasha
  4754 | D:3      | Found a snail-covered altar of Cheibriados.
  4788 | D:3      | HP: 2/41 [orc priest/divine providence (14)]
  4799 | D:3      | Killed from afar by an orc priest

Skill      XL: |  1  2  3  4  5 |
---------------+----------------+-----
Invocations    | 1 |  1.7
Short Blades   | 1 |  1.5
Long Blades    | 1 |  1.5
Axes           | 1 |  1.5
Maces & Flails | 1 |  1.5
Polearms       | 1 |  1.5
Staves         | 1 |  1.5
Slings         | 1 |  1.5
Bows           | 1 |  1.5
Crossbows      | 1 |  1.5
Armour         | 1 |  1.5
Stealth        | 1 |  1.5
Shields        | 1 |  1.5
Unarmed Combat | 1 |  1.5
Evocations     | 1 |  1.5
Spellcasting   | 3 |  3.2
Conjurations   | 1 |  1.2
Charms         | 1 |  1.2
Summonings     | 1 |  1.2
Necromancy     | 1 |  1.2
Translocations | 1 |  1.2
Transmutations | 1 |  1.2
Fire Magic     | 1 |  1.2
Ice Magic      | 1 |  1.2
Air Magic      | 1 |  1.2
Earth Magic    | 1 |  1.2
Poison Magic   | 1 |  1.2
Fighting       | 3 |  3.0
Throwing       | |  4.8
Dodging        | |  4.8
Hexes          | |  5.5

Action                   |  1- 3 |  4- 6 || total
-------------------------+-------+-------++-------
Melee: Unarmed           |    52 |       ||    52
       Bite              |    25 |    26 ||    51
       Dagger            |   115 |   195 ||   310
       Punch             |       |     1 ||     1
Throw: Javelin           |     1 |       ||     1
 Cast: Corona            |    40 |    25 ||    65
 Stab: Sleeping          |     5 |     2 ||     7
  Eat: Chunk             |     4 |     8 ||    12
Armor: Robe              |    28 |    26 ||    54
Dodge: Dodged            |   125 |   127 ||   252
